 Dungeon Crawl Stone Soup version 0.30.2 (webtiles) character file.

Game seed: 1208851120257769669

1669 Diggabert the Poker (level 9, 69/69 HPs)
             Began as a Formicid Monk on Nov 9, 2023.
             Was a Believer of the Shining One.
             Quit the game on level 6 of the Dungeon on Mar 23, 2024.
             The game lasted 00:13:15 (5885 turns).

Diggabert the Poker (Formicid Monk)                 Turns: 5885, Time: 00:13:15

Health: 69/69      AC:  9    Str: 21    XL:     9   Next: 21%
Magic:  11/11      EV: 10    Int:  9    God:    the Shining One [**....]
Gold:   73         SH: 10    Dex: 16    Spells: 8/8 levels left

rFire   . . .        A - +4 trident (protect)
rCold   . . .        k - +0 buckler
rNeg    + . .        w - +0 chain mail
rPois   .            (helmet unavailable)
rElec   .            (no cloak)
rCorr   .            (no gloves)
SInv    +            (no boots)
Will    .....        h - amulet of reflection Stlth
                     (no ring)
HPRegen 0.31/turn    (no ring)
MPRegen 0.12/turn

%: reflection
@: glowing
A: permanent stasis, dig shafts and tunnels, antennae 3, four strong arms
a: Dig, Shaft Self, Renounce Religion, Divine Shield


You were on level 6 of the Dungeon.
You worshipped the Shining One.
The Shining One was pleased with you.
You visited 2 branches of the dungeon, and saw 7 of its levels.

You collected 471 gold pieces.
You spent 398 gold pieces at shops.

Inventory:

Hand Weapons
 A - a +4 trident of protection (weapon)
Missiles
 m - 8 atropa-tipped darts (quivered)
 C - a throwing net
Armour
 d - an orb of light
 k - a +0 buckler (worn)
 r - the +3 pair of boots "Qite" {Rampage rPois MP+9 Str-3}
   (You bought it in a shop on level 6 of the Dungeon)

   Str:       It affects your strength (-3).
   rPois:     It protects you from poison.
   MP:        It affects your magic capacity (+9).
   Rampage:   It bestows one free step when moving towards enemies.
 w - a +0 chain mail (worn)
Jewellery
 h - an amulet of reflection (around neck)
 p - a ring of fire
Wands
 v - a wand of roots (7)
 z - a wand of light (5)
Scrolls
 b - 3 scrolls of teleportation {unknown}
 e - a scroll of noise {unknown}
 f - a scroll of vulnerability
 g - a scroll of fog {unknown}
 j - a scroll of fear {unknown}
 o - 4 scrolls of torment
 u - a scroll of poison {unknown}
 x - a scroll of enchant armour {unknown}
 y - a scroll of silence {unknown}
 B - 2 scrolls of amnesia {unknown}
Potions
 a - a potion of lignification
 c - 2 potions of ambrosia
 i - a potion of might
 l - 7 potions of curing
 n - 3 potions of mutation
 q - 3 potions of flight
 s - 2 potions of magic
 t - a potion of attraction
 D - a potion of brilliance {unknown}


   Skills:
 * Level 5.7 Fighting
 * Level 7.3 Polearms
 * Level 4.7 Armour
 * Level 4.4 Dodging
 * Level 5.1 Shields
 * Level 2.8 Invocations


You had 8 spell levels left.
You didn't know any spells.
Your spell library contained the following spells:

 Spells                   Type           Power      Damage    Failure   Level
 Sandblast                Erth           0%         2d4       97%         1
 Slow                     Hex            0%         N/A       97%         1
 Passwall                 Tmut/Erth      0%         N/A       99%         2
 Confusing Touch          Hex            0%         N/A       100%        3
 Gell's Gravitas          Tloc           0%         N/A       100%        3
 Stone Arrow              Conj/Erth      0%         3d7       100%        3
 Teleport Other           Tloc           0%         N/A       100%        3
 Vampiric Draining        Necr           0%         2d6       100%        3
 Dispersal                Tloc           0%         N/A       100%        6


Dungeon Overview and Level Annotations

Branches:
Dungeon (6/15)             Temple (1/1) D:4

Altars:
Ashenzari
Cheibriados
Dithmenos
Gozag
Kikubaaqudgha
Makhleb
Qazlal
Ru
Trog
Uskayaw
Vehumet
Wu Jian
The Shining One

Shops:
D:6 [=?!(


Innate Abilities, Weirdness & Mutations

You cannot be hasted, slowed, berserked, paralysed or teleported.
You can dig through walls and to a lower floor.
You have a pair of large antennae on your head. (SInv)
Your four strong arms can wield two-handed weapons with a shield.


Message History

Beogh smites you!
An orc comes into view. It is wielding a +0 short sword.
The orc shouts!
An orc comes into view. It is wielding a +0 dagger.
The orc shouts!
The orc moves out of view.
The orc priest looks braver for a moment.
You reach to attack!
You puncture the orc priest!
The orc priest is severely wounded.
You puncture the orc priest!
You kill the orc priest!
The Shining One accepts your kill.
You reach to attack!
You hit the orc.
The orc is heavily wounded.
You puncture the orc!
You kill the orc!
You hit the orc.
The orc is severely wounded.
The orc closely misses you.
You hit the orc.
You kill the orc!
You hit the orc.
The orc is heavily wounded.
The orc closely misses you.
You barely miss the orc.
The orc is heavily wounded.
The orc hits you but does no damage.
You hit the orc.
You kill the orc!
No target in view!
No target in view!
Items here: )))) [ ††.
Okay, then.
Found Zoonom's Jewellery Emporium.
Found a stone staircase leading up.
There is an entrance to Zoonom's Jewellery Emporium here.
Save game and exit?
Welcome back, Diggabert the Formicid Monk.
The Shining One says: Lead the forces of light to victory!
Press ? for a list of commands and other information.
Are you sure you want to abandon this character and quit the game? (Confirm with "yes".)

#.#.# #.# #.............#
#.#.# #.# #......##..####
#.#.####.######.....###..#
# #.#.#........###....#
#..# #
#.#.#.##............# #..#
# #......)..##.###....#
#..# #
###.#.##............. ...#
# #.#.######.###..### ##.#
# #...# #@# ... .####
##### #.# #... #<# #.##
#.# #.# #.# #.# #.#
.######.## #.# .......#..
#.# .######.## #.#


There were no monsters in sight!

Vanquished Creatures
  Sigmund (D:2)
  3 water moccasins
  Edmund (D:6)
  An ogre (D:5)
  A phantom (D:4)
  A gnoll sergeant (D:6)
  3 scorpions
  2 howler monkeys (D:5)
  4 jellies
  2 orc priests (D:6)
  2 hounds
  3 iguanas
  Terence (D:2)
  3 orc wizards (D:5)
  7 adders
  3 gnolls (D:6)
  A white imp (D:6)
  A worm (D:3)
  A dart slug (D:3)
  20 orcs
  6 ball pythons
  6 bats
  6 endoplasms
  A giant cockroach (D:2)
  8 goblins
  7 hobgoblins
  4 jackals (D:1)
  7 kobolds
  5 quokkas
  2 frilled lizards
  5 rats
118 creatures vanquished.

Notes
Turn   | Place    | Note
-------+----------+-------------------------------------------
     0 | D:1      | Diggabert the Formicid Monk began the quest for the Orb.
     0 | D:1      | Reached XP level 1. HP: 18/18 MP: 1/1
     6 | D:1      | Noticed a polar bear
     6 | D:1      | Noticed a komodo dragon
     7 | D:1      | Noticed a hog
     7 | D:1      | Noticed a rime drake
   106 | D:1      | Reached XP level 2. HP: 21/24 MP: 2/2
   454 | D:1      | Reached XP level 3. HP: 30/30 MP: 3/3
   979 | D:2      | Found a broken altar of Ashenzari.
  1165 | D:2      | Noticed Sigmund
  1189 | D:2      | Killed Sigmund
  1190 | D:2      | Reached skill level 4 in Polearms
  1190 | D:2      | Reached skill level 1 in Armour
  1190 | D:2      | Reached skill level 1 in Shields
  1190 | D:2      | Reached XP level 4. HP: 10/38 MP: 4/4
  1190 | D:2      | Reached XP level 5. HP: 11/43 MP: 5/5
  1472 | D:2      | Reached XP level 6. HP: 49/49 MP: 6/6
  1491 | D:2      | Noticed Terence
  1506 | D:2      | Killed Terence
  2015 | D:3      | Found an opulent altar of Gozag.
  2345 | D:3      | Found an ancient bone altar of Kikubaaqudgha.
  2432 | D:3      | Found a sacrificial altar of Ru.
  2798 | D:4      | Found a stormy altar of Qazlal.
  2838 | D:4      | Identified the +4 rapier of Poashaz {pain, rElec rN+ Int-2}
  2914 | D:4      | Reached skill level 5 in Polearms
  2914 | D:4      | Reached XP level 7. HP: 55/55 MP: 7/7
  3214 | D:4      | Found a staircase to the Ecumenical Temple.
  3218 | Temple   | Entered the Ecumenical Temple
  3226 | Temple   | Became a worshipper of the Shining One
  3226 | Temple   | Reached * piety under the Shining One
  3226 | Temple   | Reached ** piety under the Shining One
  3495 | D:5      | Entered Level 5 of the Dungeon
  3542 | D:5      | HP: 2/55 [ogre/+0 giant club (32)]
  3732 | D:5      | Noticed a water moccasin
  3743 | D:5      | Killed a water moccasin
  3744 | D:5      | Reached skill level 5 in Fighting
  3744 | D:5      | Reached skill level 1 in Invocations
  3744 | D:5      | Reached XP level 8. HP: 44/62 MP: 8/8
  3915 | D:5      | Reached skill level 6 in Polearms
  4726 | D:6      | Found Cocentof's Antique Weapon Shoppe.
  4729 | D:6      | Bought a glowing trident for 123 gold pieces
  4937 | D:6      | Noticed Edmund
  4957 | D:6      | Killed Edmund
  5103 | D:6      | Reached skill level 7 in Polearms
  5192 | D:6      | Reached XP level 9. HP: 56/68 MP: 10/10
  5343 | D:6      | Found Zunytuq's Distillery.
  5369 | D:6      | Found a sand-covered staircase.
  5496 | D:6      | Found Ehoom's Magic Scroll Emporium.
  5679 | D:6      | Found Rekarph's Antique Armour Boutique.
  5686 | D:6      | Bought a pair of spiked boots for 275 gold pieces
  5686 | D:6      | Identified the +3 pair of boots "Qite" {Rampage rPois MP+9
                  | Str-3} (You bought it in a shop on level 6 of the Dungeon)
  5744 | D:6      | Reached skill level 5 in Shields
  5881 | D:6      | Found Zoonom's Jewellery Emporium.
  5885 | D:6      | Upgraded the game from 0.30.1-11-g7821555f0a to 0.30.2
  5885 | D:6      | Quit the game

Illustrated notes

Levels and vault maps discovered:
D:1:      onia_arrival_zoo_common, layout_basic
D:2:      layout_loops_corners, basic_altar, due_unseen_surprise, uniq_terence,
          uniq_sigmund
D:3:      layout_basic, mainiacjoe_overflow_alcove_1,
          nicolae_gozag_seed_capital, nicolae_ru_awakened_eye
D:4:      layout_loops_ring, grunt_qazlal_sundering, temple_hall_moat
D:5:      layout_loops_corners, hangedman_decor_opposing
D:6:      layout_loops_ring, enter_ossuary_1, serial_shops,
          nicolae_shop_pleasant_corner_grove, nicolae_shop_rolled_up,
          nicolae_shop_advertising_works [nicolae_subvault_shop_adworks], shop,
          nicolae_stop_n_shop_2, uniq_edmund
Temple:   eino_narrow_crystal_temple

Skill      XL: |  1  2  3  4  5  6  7  8  9 |
---------------+----------------------------+-----
Dodging        | 3 4 |  4.4
Fighting       | 4 5 |  5.7
Polearms       | 4 5 7 |  7.3
Armour         | 1 2 3 4 |  4.7
Shields        | 1 2 3 4 5 |  5.1
Invocations    | 1 2 |  2.8

Action                     |  1- 3 |  4- 6 |  7- 9 || total
---------------------------+-------+-------+-------++-------
  Melee: Spear             |    99 |    21 |       ||   120
         Trident           |       |   101 |   255 ||   356
  Throw: Dart              |       |       |     1 ||     1
Ability: Dig               |       |     1 |     1 ||     2
    Use: Scroll            |       |     8 |     2 ||    10
   Stab: Sleeping          |       |     1 |       ||     1
         Distracted        |       |       |     1 ||     1
 Armour: Robe              |     7 |       |       ||     7
         Chain mail        |       |    21 |    57 ||    78
         Scale mail        |       |     2 |       ||     2
  Dodge: Dodged            |    28 |    27 |    56 ||   111
  Block: Buckler           |    10 |    42 |    81 ||   133
         Orb               |     1 |       |       ||     1
         Reflection        |       |     2 |     3 ||     5
